 Dungeon Sprint DCSS version 0.28.0-45-g0d030f2227 (webtiles) character file.

Game seed: 4175086078294537377

700000 protoss039 the Ruffian (level 1, -29/12 HPs)
             Began as a Gargoyle Gladiator on Apr 16, 2022.
             Was an Initiate of Makhleb.
             Annihilated by a bag of meat
             ... wielding a +9 war axe
              (41 damage)
             ... in the Dungeon (Sprint VIII: "Arena of Blood").
             The game lasted 00:00:18 (7 turns).

protoss039 the Ruffian (Gargoyle Gladiator)            Turns: 7, Time: 00:00:18

Health: -29/12     AC:  6    Str: 17    XL:     1   Next: 0%
Magic:  1/1        EV: 12    Int:  8    God:    Makhleb [......]
Gold:   0          SH:  0    Dex: 11    Spells: 0/0 levels left

rFire   . . .      SeeInvis .   j - +∞ Axe of Woe
rCold   . . .      Faith    .   (shield currently unavailable)
rNeg    + . .      Spirit   .   a - +0 leather armour
rPois   ∞          Reflect  .   b - +0 helmet
rElec   +          Harm     .   (no cloak)
rCorr   .          Rampage  .   (no gloves)
Will    .....      NoTele   +   (no boots)
Stlth   +.........              (no amulet)
HPRegen 0.04/turn               (no ring)
MPRegen 0.07/turn               (no ring)

@: no status effects
A: sickness immunity, AC +2, negative energy resistance 1, electricity
resistance, torment resistance 1, petrification resistance
a: Renounce Religion


You were in the Dungeon.
You worshipped Makhleb.
Makhleb was noncommittal.
You visited 1 branch

Inventory:

Hand Weapons
 j - the +∞ Axe of Woe (weapon)
   (You found it in the Dungeon)
Missiles
 c - 3 throwing nets (quivered)
Armour
 a - a +0 leather armour (worn)
 b - a +0 helmet (worn)
Scrolls
 i - a scroll of blinking
Potions
 d - a potion of curing
 e - a potion of heal wounds
 f - a potion of haste
 g - 2 potions of magic
 h - a potion of berserk rage


   Skills:
 + Level 2.1 Fighting
 + Level 1.7 Throwing
 + Level 2.4 Dodging
 + Level 3.0 Unarmed Combat


You couldn't memorise any spells.
You didn't know any spells.
Your spell library was empty.

Dungeon Overview and Level Annotations

Branches:
Dungeon (1/1)

Altars:
Makhleb


Innate Abilities, Weirdness & Mutations

You are immune to sickness and miasma.
Your stone body is resilient. (AC +2)
You are immune to poison.
You resist negative energy. (rN+)
You are resistant to electric shocks. (rElec)
You are resistant to unholy torment.
You are immune to petrification.


Message History

A bag of meat comes into view. It is wielding a +9 war axe. x2
There is a burning altar of Makhleb here.
Unknown command.
Press < or > to pray at altars.
Unknown command.
Press < or > to pray at altars.
You kneel at the altar of Makhleb.
Makhleb welcomes you!
The bag of meat shouts! x2; You hear a shout! x5
A bag of meat comes into view. It is wielding a +9 war axe.
You hear a shout! x6
A meat berserker comes into view. It is wielding a +9 battleaxe.
Unknown command.
Press < or > to pray at altars.
Unknown command.
Press < or > to pray at altars.
You hear a shout! x6
Unknown command.
Press < or > to pray at altars.
Unknown command.
Press < or > to pray at altars.
The meat berserker appears out of thin air!
A meat berserker comes into view. It is wielding a +9 battleaxe.
You hear a shout! x6
A bag of meat comes into view. It is wielding a +9 war axe.
You hear a shout! x3
Unknown command.
Press < or > to pray at altars.
The bag of meat shouts!
You hit the meat berserker.
You butcher the meat berserker messily.
You kill the meat berserker!
Makhleb accepts your kill.
You hear a shout! x7
A bag of meat comes into view. It is wielding a +9 war axe.
You hear a shout! x4
The meat berserker rages.
You hear a shout! x2
The bag of meat hits you with a +9 war axe!!!
Ouch! That really hurt!
You die...

.. ..... #.
...# #.. ...# .
.###.. ...###..
......###......
......_.O...
#....o# #_.<)@#
#....o#
......_..o..
......###o.....
.###.. ...###..
#.. ...# . #.
...# .. .....


You could see a meat berserker (berserk) and 4 bags of meat.

Vanquished Creatures
  An ogre (D)
1 creature vanquished.

Notes
Turn   | Place    | Note
-------+----------+-------------------------------------------
     0 | D        | Found the +∞ Axe of Woe
     0 | D        | protoss039 the Gargoyle Gladiator began the quest for the
                  | Orb.
     0 | D        | Reached XP level 1. HP: 12/12 MP: 1/1
     2 | D        | Noticed a bag of meat
     3 | D        | Noticed a bag of meat
     3 | D        | Noticed a bag of meat
     4 | D        | Became a worshipper of Makhleb the Destroyer
     4 | D        | Noticed a bag of meat
     5 | D        | Noticed a meat berserker
     6 | D        | Noticed a bag of meat
     7 | D        | Noticed a meat berserker
     7 | D        | Killed a meat berserker
     7 | D        | Noticed a bag of meat
     7 | D        | Annihilated by a bag of meat

Illustrated notes

Levels and vault maps discovered:
D:        meatsprint

Action                   || total
-------------------------++-------
Melee: Executioner's axe ||     1
